[Event "40th Plunge Open-A 2020"]
[Site "Plunge"]
[Date "2020.07.14"]
[Round "2.10"]
[White "Greicius, Pijus"]
[Black "Baltrunas, Arvydas"]
[Result "1/2-1/2"]
[ECO "A41"]
[WhiteElo "1893"]
[BlackElo "1810"]
[Annotator "NA RC"]
[PlyCount "61"]
[EventDate "2020.07.13"]
[EventType "swiss"]
[EventCountry "LTU"]
[SourceTitle "playchess.com"]
[Source "ChessBase"]
[SourceQuality "1"]
[TimeControl "5400+30"]

1. d4 d6 2. Nf3 Bg4 3. g3 Bxf3 4. exf3 g6 5. Bg2 Bg7 6. f4 {[%emt 0:00:24] A41: 1 d4 d6: Tartakower System and Modern Defence.} c6 7. O-O e6 {[%emt 0:02:08] [#]} 8. b3 $146 ({Predecessor:} 8. c3 Ne7 9. Re1 O-O 10. Nd2 Nd7 11. Nf3 Qc7 12. Be3 c5 13. dxc5 Nxc5 14. Bd4 Bxd4 15. Nxd4 {0-1 (26) Sokolov,A (2532)-Svidler,P (2737) St Petersburg 2018}) 8... Ne7 9. Bb2 O-O 10. Nd2 d5 11. c3 Nd7 12. Qc2 Rc8 13. Ba3 c5 14. dxc5 Nxc5 15. Rac1 Re8 16. Rfd1 Qa5 17. Bb4 Qb6 18. a4 {[%emt 0:01:44] [#]} (18. Qb1 $11) 18... a5 ({Better is} 18... Na6 $1 $17 19. Bxe7 Rxc3) 19. Ba3 Nf5 20. Qb1 Rc7 21. Bf1 Rec8 22. c4 {[%emt 0:01:36] [#]} (22. Bg2 $15) 22... d4 (22... Bd4 $1 $17 23. cxd5 Bxf2+ 24. Kh1 exd5) 23. Bxc5 Qxc5 24. Ne4 Qa3 25. Bg2 b6 26. Qd3 Qb4 27. h4 h5 28. Bh3 Nd6 29. Nxd6 Qxd6 30. Re1 Rd8 31. Bg2 $11 1/2-1/2

[Event "40th Plunge Open-A 2020"]
[Site "Plunge"]
[Date "2020.07.15"]
[Round "4.4"]
[White "Eigminas, Kipras"]
[Black "Juksta, Karolis"]
[Result "0-1"]
[ECO "C11"]
[WhiteElo "2116"]
[BlackElo "2366"]
[Annotator "ChessBase"]
[PlyCount "152"]
[EventDate "2020.07.13"]
[EventType "swiss"]
[EventCountry "LTU"]
[SourceTitle "playchess.com"]
[Source "ChessBase"]
[SourceQuality "1"]
[TimeControl "5400+30"]

1. e4 e6 2. d4 d5 3. Nc3 Nf6 4. e5 Nfd7 5. f4 c5 6. Nf3 Nc6 7. Be3 h6 8. Qd2 g5 9. fxg5 cxd4 10. Nxd4 Ndxe5 11. Be2 hxg5 12. Bxg5 Bh6 13. Bxh6 Qh4+ 14. g3 Qxh6 15. Qxh6 Rxh6 16. O-O-O Bd7 17. h4 Ke7 18. g4 Rah8 19. h5 Rg8 20. Nxc6+ bxc6 21. Rdg1 f6 22. Na4 Nf7 23. Nc5 e5 24. Rg3 Kd6 25. Nb7+ Kc7 26. Nc5 Bc8 27. Ra3 Nd6 28. Rh4 Rg5 29. b4 Kb8 30. Bd1 Nb5 31. Rd3 e4 32. Re3 Nd6 33. Re1 Nc4 34. Nb3 Ne5 35. Nd4 Kc7 36. Re3 Bxg4 37. Bxg4 Rxg4 38. Rxg4 Nxg4 39. Rg3 Ne5 40. Rg7+ Nd7 41. b5 c5 42. Ne6+ Kd6 43. Nf4 d4 44. a4 c4 45. Ne2 Rxh5 46. Nxd4 c3 47. Kb1 Rc5 48. Ne2 Rc4 49. Ka2 Rxa4+ 50. Kb3 Nc5+ 51. Kxc3 Kd5 52. Kd2 Ra3 53. c3 f5 54. Ke3 Ne6 55. Rd7+ Ke5 56. Re7 Kf6 57. Rd7 Ra5 58. Rb7 Ke5 59. Re7 Kd6 60. Rf7 Rxb5 61. Rxa7 Rd5 62. Nd4 Nxd4 63. cxd4 Ke6 64. Rh7 Rb5 65. Kf4 Rb1 66. Rh8 Rf1+ 67. Kg5 Rg1+ 68. Kf4 Rf1+ 69. Kg5 Rg1+ 70. Kf4 Rg4+ 71. Ke3 Rg3+ 72. Kf4 Rf3+ 73. Kg5 e3 74. Rd8 f4 75. Ra8 Rf2 76. Ra5 e2 0-1

[Event "40th Plunge Open-A 2020"]
[Site "Plunge"]
[Date "2020.07.18"]
[Round "8.8"]
[White "Simkunaite, Gabija"]
[Black "Greicius, Pijus"]
[Result "1/2-1/2"]
[ECO "C44"]
[WhiteElo "1871"]
[BlackElo "1893"]
[Annotator "NA RC"]
[PlyCount "34"]
[EventDate "2020.07.13"]
[EventType "swiss"]
[EventCountry "LTU"]
[SourceTitle "playchess.com"]
[Source "ChessBase"]
[SourceQuality "1"]
[TimeControl "5400+30"]

1. e4 e5 2. Nf3 Nc6 3. d4 exd4 4. Nxd4 Nf6 5. Nc3 Bb4 6. Nxc6 bxc6 7. Bd3 d5 8. exd5 O-O 9. O-O Bg4 10. f3 Bh5 11. Bg5 Qd6 12. Bxf6 Qxf6 13. dxc6 Bxc3 14. bxc3 Qxc3 15. Qe1 Qxc6 16. Be4 Qb6+ 17. Qf2 Rab8 $11 1/2-1/2

[Event "40th Plunge Open-A 2020"]
[Site "Plunge"]
[Date "2020.07.18"]
[Round "8.9"]
[White "Cibulskis, Vaclovas"]
[Black "Povilaitis, Tomas"]
[Result "0-1"]
[ECO "B30"]
[WhiteElo "1830"]
[BlackElo "1832"]
[Annotator "NA RC"]
[PlyCount "158"]
[EventDate "2020.07.13"]
[EventType "swiss"]
[EventCountry "LTU"]
[SourceTitle "playchess.com"]
[Source "ChessBase"]
[SourceQuality "1"]
[TimeControl "5400+30"]

1. e4 c5 2. Nf3 Nc6 3. Bb5 e6 4. O-O Nge7 5. d4 cxd4 6. Nxd4 Qb6 7. Bxc6 {[%emt 0:01:43] B30: Sicilian: 2...Nc6 3 Bb5, lines without ...g6.} Nxc6 8. Nb3 Be7 9. Be3 Qc7 10. Nc3 O-O 11. f4 {[%emt 0:00:59] [#]} b6 $146 ({Predecessor:} 11... d6 12. Qf3 a6 13. a4 b6 14. Rad1 Bb7 15. g4 Nb4 16. Qf2 Bd8 17. f5 exf5 18. gxf5 f6 19. Bf4 Be7 20. Rd4 Nc6 21. Nd5 Qd8 22. Nxe7+ Nxe7 23. Rxd6 {1-0 (23) Keogh,E (2170)-Brady,C (2075) Kilkenny 1997}) 12. f5 Bf6 13. Bf4 Be5 14. Nb5 Qd8 15. Bxe5 Nxe5 16. Qd6 Nc4 17. Qd4 (17. Qg3 $5 ) 17... d5 {[%emt 0:00:42] [#]} (17... a6 $1 $11 {remains equal.} 18. Nc3 (18. Qxc4 axb5 19. Qd3 Bb7 $11) 18... b5) 18. f6 (18. exd5 $1 $16 Qxd5 19. Nc7 Qxd4+ 20. Nxd4) 18... e5 19. Qc3 ({Much worse is} 19. Qxd5 Qxd5 20. exd5 Bb7 $15) 19... gxf6 20. exd5 Nd6 21. Nxd6 Qxd6 22. Qf3 f5 $1 23. c4 Qg6 24. Rfe1 f6 25. Nd2 f4 26. Kh1 Bg4 27. Qc3 Kh8 28. b4 Rg8 29. c5 {[%emt 0:02:22] [#]} (29. a4 $15) 29... Bf5 (29... Be6 $1 $17 30. Qf3 {[#]} (30. dxe6 Qxg2#) 30... Bxd5 $1 31. Qxd5 Rad8) 30. Re2 $2 (30. Rg1 $1 $15) 30... Qh5 $2 (30... Bd3 $19 31. Rf2 e4) 31. Rae1 Rg3 (31... Qf7 $15) 32. Nf3 Rag8 (32... Rg7 $11 {keeps the balance.}) 33. c6 R3g6 {[%emt 0:04:50] [#]} (33... R3g7 $1 $11 {remains equal.}) 34. Nxe5 $1 fxe5 35. Qxe5+ ({Weaker is} 35. Rxe5 R6g7 $11) 35... R6g7 36. Qxf4 Bh3 {[%emt 0:01:29] [#]} 37. Qd4 $1 (37. gxh3 {[#] leads to mate.} Qxe2 $1 {[%mdl 576] Double Attack} 38. Qg3 Rxg3 39. hxg3 Qxe1+ {[%mdl 64] Double Attack} 40. Kh2 Qxg3+ 41. Kh1 Qxh3#) 37... Rf8 $2 {[%emt 0:05:29] [#]} (37... h6 $16) 38. Rd2 $2 (38. Re7 $1 Bxg2+ {[#]} 39. Kg1 $1 ) 38... Kg8 39. d6 $2 ({White should play} 39. Rg1 $18 Bc8 40. d6) 39... Qb5 $1 {[%emt 0:02:57] [#]} 40. Qe3 (40. Rc2 $1 $16) 40... Rf1+ 41. Rxf1 Qxf1+ 42. Qg1 Qf4 $2 (42... Qb5 $16) 43. Qd1 Qe4 44. Qf1 Qxc6 45. a3 Bd7 46. Qe2 h6 47. Rd3 $2 {[%emt 0:00:41] [#]} (47. Qd3) 47... Qc1+ $2 (47... Bh3 $1 48. Rf3 (48. Rxh3 Qc1+) 48... Bxg2+ 49. Qxg2 Rxg2 50. Kxg2 Qxd6) 48. Rd1 Qf4 49. Qd2 Qxd2 50. Rxd2 Kf7 51. Kg1 Ke6 52. Rd4 Bc6 53. g3 Ke5 54. Rc4 Kxd6 55. Rh4 Rg6 56. Rf4 Ke5 57. Rf8 a5 58. bxa5 bxa5 59. Rf4 a4 60. Rc4 Kd5 61. Rf4 Kc5 62. g4 Re6 63. Kf2 Re4 64. Rf6 Rxg4 65. Rxh6 Rg2+ 66. Ke1 Ra2 67. Rh3 Kc4 68. Kd1 Bd7 69. Rh7 Bg4+ 70. Kc1 Kc3 71. Rc7+ Kb3 72. Rg7 Ra1+ 73. Kd2 Rd1+ $19 (73... Bd1 74. h4 Kxa3) 74. Ke3 Be6 75. Rg3 Kxa3 76. h4 Rh1 77. Kf4+ Kb2 78. Rg2+ Kb1 79. Kg5 a3 0-1